 Dungeon Crawl Stone Soup version 0.17-a0-1946-gfb768fe (webtiles) character file.

58754 brucemayne the Executioner (level 14, -6/154 HPs)
             Began as a Hill Orc Berserker on Oct 1, 2015.
             Was the Champion of Trog.
             Mangled by a large abomination (13 damage)
             ... created by a deep elf death mage
             ... on level 3 of the Elven Halls.
             The game lasted 00:58:15 (8538 turns).

brucemayne the Executioner (Hill Orc Berserker)     Turns: 8538, Time: 00:58:15

Health: -6/154     AC: 21    Str: 25      XL:     14   Next: 92%
Magic:  14/14      EV: 10    Int:  7 (8)  God:    Trog [******]
Gold:   1211       SH:  7    Dex: 13 (15) Spells: 0 memorised, 13 levels left

rFire  . . .     SeeInvis .     k - +4 broad axe (vamp)
rCold  . . .     Clarity  .     g - +0 plate armour
rNeg   . . .     SustAt   .     a - +2 buckler
rPois  +         Gourm    .     l - +0 helmet
rElec  .         Spirit   .     x - +0 cloak
rCorr  .         Warding  .     C - +0 pair of gloves {Str+3}
rMut   .         Stasis   .     D - +0 pair of boots
MR     +++++                    B - amulet of regeneration
Stlth  ..........               I - ring "Reul" {MR+++ Str-2 Dex+5 Stlth+}
                                n - ring of poison resistance

@: exhausted, about to teleport, regenerating, hasted and slowed, drained,
almost entirely resistant to hostile enchantments, extremely unstealthy
A: deterioration 1, robust 2
a: Burn Spellbooks, Berserk, Trog's Hand, Brothers in Arms, Renounce Religion


You were on level 3 of the Elven Halls.
You worshipped Trog.
Trog was exalted by your worship.
You were very hungry.

You visited 4 branches of the dungeon, and saw 21 of its levels.

You collected 1567 gold pieces.
You spent 356 gold pieces at shops.

Inventory:

Hand weapons
 b - a +2 battleaxe of draining
 k - a +4 vampiric broad axe (weapon)
 r - a +1 hand axe of flaming
 L - a +3 battleaxe of chopping
 Z - a +3 antimagic battleaxe
Missiles
 y - 54 tomahawks (quivered)
Armour
 a - a +2 buckler (worn)
 g - a +0 plate armour (worn)
 l - a +0 helmet (worn)
 x - a +0 cloak (worn)
 C - a +0 pair of gloves of strength (worn)
 D - a +0 pair of boots (worn)
Jewellery
 h - an uncursed ring of magical power
 n - a ring of poison resistance (left hand)
 q - an uncursed amulet of faith {unknown}
 v - an uncursed ring of protection from cold
 B - an amulet of regeneration (around neck)
 G - an uncursed ring of flight
 I - the ring "Reul" (right hand) {MR+++ Str-2 Dex+5 Stlth+}
   (You bought it in a shop on level 9 of the Dungeon)

   [ring of stealth]

   It affects your strength (-2).
   It affects your dexterity (+5).
   It affects your resistance to hostile enchantments.
   It makes you more stealthy.
 N - an uncursed ring of protection from fire
Magical devices
 f - a wand of polymorph (8)
 K - a wand of disintegration (13)
 S - a wand of disintegration (0)
Scrolls
 d - a scroll of blinking {unknown}
 e - 2 scrolls of teleportation
 j - a scroll of noise {unknown}
 o - a scroll of fog
 X - 2 scrolls of remove curse
Potions
 t - a potion of flight {unknown}
 z - a potion of cancellation {unknown}
 M - a potion of ambrosia {unknown}
 R - a potion of brilliance {unknown}
 Y - a potion of berserk rage {unknown}
Books
 m - a book of Air

   Spells                             Type                      Level
   a - Shock                          Conjuration/Air              1
   b - Swiftness                      Charms/Air                   2
   c - Repel Missiles                 Charms/Air                   2
   d - Static Discharge               Conjuration/Air              3
   e - Lightning Bolt                 Conjuration/Air              5
   Trog disapproves of the use of such an item.
Comestibles
 c - a bread ration
 i - 4 meat rations
 p - a royal jelly


   Skills:
 + Level 13.5(12.6) Fighting
 + Level 21.1(20.0) Axes
 - Level 13.0(12.1) Armour
 - Level 7.1(6.3) Dodging
 - Level 4.5(3.7) Shields


You had 13 spell levels left.
You didn't know any spells.

Dungeon Overview and Level Annotations

Branches:
Dungeon (13/15)            Temple (1/1) D:6             Orc (4/4) D:9
    Elf (3/3) Orc:4
   Lair: D:8-11      Vaults: D:13-14

Altars:
Ashenzari
Cheibriados
Dithmenos
Elyvilon
Fedhas
Gozag
Kikubaaqudgha
Makhleb
Nemelex Xobeh
Okawaru
Ru
Sif Muna
Vehumet
Yredelemnul
Zin
Beogh

Shops:
D:6 (   D:9 %((*?   Orc:1 (:   Orc:4 ?*:(


Innate Abilities, Weirdness & Mutations

Your body sometimes deteriorates upon taking damage.
You are very robust (+20% HP).


Message History

The large abomination completely resists.
The bolt of negative energy hits you!
You feel drained.
* * * LOW HITPOINT WARNING * * *
Your body deteriorates!
You feel clumsy.
Drink which item? (? for menu, Esc to quit)
Okay, then.
Evoke which item? (* to show all) (? for menu, Esc to quit)
Okay, then.
Evoke which item? (* to show all) (? for menu, Esc to quit)
Okay, then.
Read which item? (? for menu, Esc to quit)
As you read the scroll of teleportation, it crumbles to dust.
You feel strangely unstable.
The large abomination closely misses you.
The large abomination hits you!
* * * LOW HITPOINT WARNING * * *
Drink which item? (? for menu, Esc to quit)
It was a potion of haste.
You feel yourself speed up. The large abomination hits you!
You die...

,,ยง.e....###..e..,,**
*,,,,,,,,,*
,,......}........,**
*,,,,,,,,,,
*,...............**
**,,,,,,,,,
**#....e.......#**
**,,,,,,,*
**#....e...#**
**,,,,,** ***
****#.#*** **,,,** *,*
#####e###### **,**
,,**#........#e### ***
,,,,+.....e(.)#X@#
*,**#.(.......#### *,*
#.........# *,*
#.........# *,*
#.........####### *,*
####+####.....).## *,*
*,* #......)<#* *,*
*,* #.........#
,,******,* #.........#


You could see a deep elf death mage and a large abomination.

Vanquished Creatures
  Rupert (Orc:3)
  A deep elf blademaster (Elf:3)
  3 deep elf sorcerers
  A stone giant (Orc:4)
  4 deep elf demonologists
  3 deep elf annihilators (Elf:3)
  A deep elf death mage (Elf:3)
  Snorg (D:12)
  Harold (Orc:2)
  2 deep elf high priests
  Erolcha (D:12)
  A centaur warrior (D:12)
  7 orc high priests (Orc:4)
  2 unseen horrors (D:12)
  2 deep elf knights
  3 hill giants
  4 deep elf summoners
  4 orc knights
  6 deep elf conjurers
  5 ugly things
  4 cyclopes
  A gargoyle (D:13)
  A troll (Orc:4)
  A troll (shapeshifter) (Elf:2)
  6 deep elf priests
  A two-headed ogre (Orc:4)
  A polar bear (shapeshifter) (Elf:3)
  A trapdoor spider (shapeshifter) (Elf:1)
  2 shadows (D:12)
  A wyvern (D:11)
  16 deep elf fighters
  Eustachio (D:4)
  A steam dragon (D:11)
  A wraith (D:11)
  6 yaks
  2 hippogriffs
  15 deep elf magi
  3 vampire mosquitoes (D:12)
  A mottled dragon (D:11)
  3 wargs
  44 orc warriors
  A sky beast (D:12)
  A phantom (D:9)
  18 ogres
  5 centaurs (D:12)
  3 big kobolds
  5 giant frogs
  A gnoll sergeant (D:9)
  4 scorpions
  2 wyvern skeletons
  8 killer bees
  A giant frog zombie (D:5)
  2 hounds
  A centaur zombie (D:12)
  5 crimson imps
  25 orc priests
  15 orc wizards
  A giant frog skeleton (D:12)
  4 worker ants
  2 iguanas
  4 sheep (D:12)
  A mummy (D:8)
  2 worker ant zombies
  5 adders
  7 gnolls
  An adder zombie (D:6)
  2 giant geckos
  224 orcs
  2 ball pythons (D:1)
  2 giant cockroaches
  4 goblins
  2 hobgoblins
  14 jackals
  19 kobolds
  A ball python skeleton (D:6)
  3 bats
  2 giant newts
  A quokka skeleton (D:4)
  3 rats
568 creatures vanquished.

Vanquished Creatures (collateral kills)
  Saint Roka (Orc:4)
  An orc sorcerer (Orc:4)
  A warg (Orc:4)
  An orc priest (Orc:4)
  An orc (Orc:4)
5 creatures vanquished.

Vanquished Creatures (others)
  An orc (Orc:2)
1 creature vanquished.

Grand Total: 574 creatures vanquished

Notes
Turn   | Place    | Note
--------------------------------------------------------------
     0 | D:1      | brucemayne the Hill Orc Berserker began the quest for the Orb.
     0 | D:1      | Reached XP level 1. HP: 19/19 MP: 1/1
    95 | D:1      | Reached XP level 2. HP: 19/26 MP: 2/2
   177 | D:1      | Reached skill level 5 in Axes
   283 | D:2      | Acquired Trog's second power
   283 | D:2      | Reached XP level 3. HP: 8/31 MP: 3/3
   440 | D:3      | Reached skill level 6 in Axes
   549 | D:4      | Reached XP level 4. HP: 39/39 MP: 4/4
   591 | D:4      | Noticed a scorpion
   624 | D:4      | Killed a scorpion
   624 | D:4      | Reached skill level 7 in Axes
   624 | D:4      | Reached XP level 5. HP: 20/45 MP: 5/5
   655 | D:4      | Noticed Eustachio
   684 | D:4      | Killed Eustachio
   684 | D:4      | Reached skill level 9 in Axes
   684 | D:4      | Reached XP level 6. HP: 51/51 MP: 6/6
   714 | D:5      | Entered Level 5 of the Dungeon
   821 | D:6      | Found a staircase to the Ecumenical Temple.
   826 | Temple   | Entered the Ecumenical Temple
   913 | D:6      | Reached skill level 10 in Axes
   913 | D:6      | Reached XP level 7. HP: 34/57 MP: 7/7
  1038 | D:6      | Found Nasm's Weapon Emporium.
  1053 | D:6      | Bought a +0 war axe for 52 gold pieces
  1095 | D:7      | Reached skill level 11 in Axes
  1166 | D:7      | Noticed a hippogriff
  1194 | D:7      | Killed a hippogriff
  1266 | D:7      | Reached skill level 12 in Axes
  1266 | D:7      | Reached XP level 8. HP: 24/64 MP: 8/8
  1414 | D:7      | Reached skill level 13 in Axes
  1641 | D:9      | Found Dosu's Assorted Antiques.
  1704 | D:9      | Found a basalt altar of Yredelemnul.
  1735 | D:9      | Found Gogh's Food Shoppe.
  1746 | D:10     | Entered Level 10 of the Dungeon
  1900 | D:8      | Reached skill level 5 in Fighting
  1900 | D:8      | Reached XP level 9. HP: 40/74 MP: 9/9
  1914 | D:8      | Found a snail-covered altar of Cheibriados.
  1941 | D:9      | Found Arruatry's Weapon Emporium.
  1956 | D:9      | Found Okhli Hint's Antique Weapon Shoppe.
  1997 | D:9      | Reached skill level 14 in Axes
  2049 | D:9      | Found Estribleutt's Magic Scroll Boutique.
  2175 | D:10     | Noticed a hill giant
  2192 | D:10     | Killed a hill giant
  2298 | D:10     | Noticed a troll
  2375 | D:10     | HP: 2/117 [troll (5)]
  2523 | D:12     | Noticed a hill giant
  2540 | D:12     | Killed a hill giant
  2540 | D:12     | Reached skill level 15 in Axes
  2540 | D:12     | Reached XP level 10. HP: 42/84 MP: 10/10
  2687 | D:11     | Noticed a white ugly thing
  2700 | D:11     | Killed a white ugly thing
  2700 | D:11     | Reached skill level 16 in Axes
  2813 | D:11     | Noticed a hill giant
  2821 | D:11     | Killed a hill giant
  2821 | D:11     | Acquired Trog's third power
  3022 | D:12     | Identified a scroll of acquirement
  3046 | D:12     | Noticed a centaur warrior
  3054 | D:12     | Killed a centaur warrior
  3340 | D:9      | Bought a coiled turquoise ring for 155 gold pieces
  3341 | D:9      | Identified the ring "Reul" {MR+++ Str-2 Dex+5 Stlth+} (You bought it in a shop on level 9 of the Dungeon)
  3431 | D:11     | Noticed a purple ugly thing
  3444 | D:11     | Killed a purple ugly thing
  3444 | D:11     | Reached skill level 5 in Armour
  3500 | D:12     | Killed an unseen horror
  3500 | D:12     | Reached XP level 11. HP: 65/97 MP: 11/11
  3778 | D:12     | Noticed Snorg
  3792 | D:12     | Killed Snorg
  3832 | D:12     | Noticed a cyclops
  3848 | D:12     | Killed a cyclops
  4037 | D:13     | Gained mutation: You are robust (+10% HP). [potion of mutation]
  4037 | D:13     | Gained mutation: You are very robust (+20% HP). [potion of mutation]
  4037 | D:13     | Gained mutation: Your body sometimes deteriorates upon taking damage. [potion of mutation]
  4109 | D:12     | Killed an unseen horror
  4133 | D:12     | Noticed Erolcha
  4145 | D:12     | Reached skill level 10 in Armour
  4148 | D:12     | Killed Erolcha
  4283 | D:11     | Noticed a cyclops
  4311 | D:11     | Killed a cyclops
  4501 | D:11     | Noticed a cyan ugly thing
  4517 | D:11     | Killed a cyan ugly thing
  4517 | D:11     | Reached XP level 12. HP: 74/124 MP: 12/12
  5397 | D:9      | Found a staircase to the Orcish Mines.
  5409 | Orc:1    | Entered Level 1 of the Orcish Mines
  5409 | Orc:1    | Found Eczestiet's Book Shop.
  5411 | Orc:1    | Found Kiqal's Antique Weapon Shop.
  5466 | Orc:2    | Noticed Rupert
  5466 | Orc:2    | Reached skill level 17 in Axes
  5521 | Orc:1    | Found a roughly hewn altar of Beogh.
  5588 | Orc:4    | Entered Level 4 of the Orcish Mines
  5594 | Orc:4    | Received a gift from Trog
  5732 | Orc:3    | Killed Rupert
  5732 | Orc:3    | Reached skill level 10 in Fighting
  5947 | Orc:4    | Reached skill level 18 in Axes
  6052 | Orc:4    | Noticed an orc high priest
  6054 | Orc:4    | Noticed a stone giant
  6058 | Orc:4    | Killed an orc high priest
  6063 | Orc:4    | Killed a stone giant
  6159 | Orc:4    | Received a gift from Trog
  6170 | Orc:4    | Noticed Saint Roka
  6213 | Orc:4    | Killed Saint Roka
  6213 | Orc:4    | Reached skill level 19 in Axes
  6213 | Orc:4    | Reached XP level 13. HP: 37/139 MP: 4/13
  6303 | Orc:4    | Noticed an orc high priest
  6332 | Orc:4    | Killed an orc high priest
  6349 | Orc:4    | Noticed an orc high priest
  6361 | Orc:4    | Killed an orc high priest
  6441 | Orc:4    | Noticed an orc high priest
  6460 | Orc:4    | Killed an orc high priest
  6476 | Orc:4    | Noticed an orc high priest
  6488 | Orc:4    | Killed an orc high priest
  6505 | Orc:4    | Noticed an orc high priest
  6507 | Orc:4    | Found Yfruqem's Assorted Antiques.
  6519 | Orc:4    | Killed an orc high priest
  6551 | Orc:4    | Found a roughly hewn altar of Beogh.
  6564 | Orc:4    | Noticed an orc high priest
  6581 | Orc:4    | Killed an orc high priest
  6581 | Orc:4    | Reached skill level 20 in Axes
  6623 | Orc:4    | Found Ronilo's Magic Scroll Shop.
  6634 | Orc:4    | Bought a scroll of identify for 26 gold pieces
  6634 | Orc:4    | Bought a scroll of teleportation for 39 gold pieces
  6634 | Orc:4    | Bought a scroll of magic mapping for 45 gold pieces
  6634 | Orc:4    | Bought a scroll of remove curse for 39 gold pieces
  6830 | Orc:4    | Found a roughly hewn altar of Beogh.
  6976 | Orc:4    | Found Hyuwnit's Weapon Boutique.
  7001 | Orc:4    | Found Culitz's Book Shop.
  7325 | Orc:3    | Received a gift from Trog
  7456 | Orc:2    | Noticed Harold
  7474 | Orc:2    | Killed Harold
  7620 | Orc:4    | Found a staircase to the Elven Halls.
  7646 | Elf:1    | Entered Level 1 of the Elven Halls
  7649 | Elf:1    | Noticed a deep elf sorcerer
  7665 | Elf:1    | Killed a deep elf sorcerer
  7665 | Elf:1    | Reached skill level 5 in Dodging
  7803 | Elf:2    | Reached XP level 14. HP: 148/148 MP: 4/14
  7829 | Elf:2    | Received a gift from Trog
  7974 | Elf:1    | Found a deep blue altar of Sif Muna.
  8146 | Elf:2    | Noticed a deep elf demonologist
  8154 | Elf:2    | Killed a deep elf demonologist
  8221 | Elf:3    | Entered Level 3 of the Elven Halls
  8230 | Elf:3    | Received a gift from Trog
  8280 | Elf:3    | Noticed a deep elf sorcerer
  8292 | Elf:3    | Killed a deep elf sorcerer
  8379 | Elf:3    | Noticed a deep elf blademaster
  8398 | Elf:3    | Killed a deep elf blademaster
  8424 | Elf:3    | Reached skill level 21 in Axes
  8440 | Elf:3    | Noticed a deep elf sorcerer
  8467 | Elf:3    | Killed a deep elf sorcerer
  8537 | Elf:3    | HP: 4/154 [large abomination[a deep elf death mage] (14)]
  8538 | Elf:3    | Mangled by a large abomination

Vault maps used:
D:1:      minmay_arrival_split_and_join
D:3:      kennysheep_the_goblin_king, nemelex_deck, uniq_natasha, uniq_grinder
D:4:      nicolae_overflow_hidden_temple, first_bread, uniq_eustachio
D:5:      serial_shops, shop_fountains, eino_small_chamber_without_monster,
          nicolae_qazlal_general_emergency
D:6:      temple_doors_e, serial_shops, shop, minmay_tree_intersection,
          uniq_blork_the_orc
D:8:      slow_altar_2, dpeg_oklobed_lair, grunt_livestock, st_stairs_13
D:9:      kennysheep_mini_moat, david_orc_4, serial_shops,
          nicolae_shop_behind_doors, shop, shop, nicolae_shop_waterfront,
          nicolae_shop_crystal
D:10:     uniq_psyche
D:12:     lemuel_ice_spiral_2, uniq_erolcha, uniq_snorg
D:13:     erik_vaults_1, portal_ice_cave_entry_pillars_03
Temple:   nicolae_temple_no_exploring_needed
Orc:1:    basic_altar, serial_shops, nicolae_shop_stone, shop, shop,
          nicolae_shop_trees, rock_pile
Orc:2:    uniq_harold, uniq_rupert
Orc:3:    special_room, nicolae_orc_pool_cavern
Orc:4:    pubby_orc_utopia, serial_shops
Elf:1:    eino_elf_arrival_the_gate, basic_altar, minmay_elf_annihilation
Elf:2:    uniq_donald
Elf:3:    grunt_elf_hall_spiral

Action                   |  1- 3 |  4- 6 |  7- 9 | 10-12 | 13-15 || total
-------------------------+-------+-------+-------+-------+-------++-------
Melee: Hand axe          |    72 |    81 |    34 |       |       ||   187
       War axe           |       |       |   244 |   373 |       ||   617
       Battleaxe         |       |       |       |   152 |   436 ||   588
       Broad axe         |       |       |       |       |   225 ||   225
Invok: Berserk           |     3 |     2 |     9 |    14 |     5 ||    33
       Trog's Hand       |       |     2 |     8 |     4 |     8 ||    22
       Brothers in Arms  |       |       |       |     2 |       ||     2
Evoke: Wand              |       |       |       |     3 |     3 ||     6
  Use: Scroll            |       |     2 |     9 |    10 |     5 ||    26
       Potion            |       |       |     2 |     3 |     6 ||    11
 Stab: Sleeping          |     1 |       |       |       |       ||     1
       Distracted        |       |       |       |     1 |       ||     1
  Eat: Chunk             |     1 |     4 |    10 |    17 |    15 ||    47
       Beef jerky        |       |       |     1 |       |     1 ||     2
       Bread ration      |       |       |     1 |     2 |     1 ||     4
       Meat ration       |       |       |       |     1 |       ||     1
       Fruit             |       |       |       |       |     2 ||     2
